 Dungeon Crawl Stone Soup version 0.21-a0-210-gbfa5647 (webtiles) character file.

572676 DeloreanTremens the Executioner (level 25, -7/229 HPs)
             Began as a Minotaur Berserker on Aug 21, 2017.
             Was the Champion of Trog.
             Killed by drain life
             ... invoked by a deathcap
             ... summoned by a curse toe
              (16 damage)
             ... on level 2 of the Realm of Zot on Aug 22, 2017.
             The game lasted 05:03:20 (57029 turns).

DeloreanTremens the Executioner (MiBe)             Turns: 57029, Time: 05:03:21

Health: -7/229     AC: 60    Str: 30    XL:     25   Next: 69%
Magic:  7/26       EV: 20    Int:  7    God:    Trog [******]
Gold:   5417       SH:  0    Dex: 11    Spells: 24/24 levels left

rFire    + + +     SeeInvis .   P - +9 executioner's axe (vamp)
rCold    + + .     Gourm    .   (shield currently unavailable)
rNeg     . . .     Faith    .   x - +11 crystal plate armour
rPois    .         Spirit   .   O - +1 hat
rElec    +         Reflect  .   U - +1 cloak of Starlight {rElec rC+ EV+4 Stlth--}
rCorr    .         Harm     .   Z - +4 pair of gloves of Fedhas's Hatred {rF++}
MR       ++...     Rnd*Rage +   t - +2 pair of boots Stlth ..........Rnd*Tele +
                                a - amulet of regeneration
HPRegen  0.88/turn              R - ring "Iro Mefo" {rElec rF+ rC+ AC+5}
MPRegen  0.20/turn              D - ring of protection from magic

@: lethally poisoned (-7 -> -77), about to teleport
A: retaliatory headbutt, horns 2, berserk 1, frail 1, teleportitis 1
}: 3/15 runes: serpentine, barnacled, abyssal
a: Berserk, Trog's Hand, Brothers in Arms, Burn Spellbooks, Renounce Religion


You were on level 2 of the Realm of Zot.
You worshipped Trog.
Trog was exalted by your worship.
You were not hungry.

You visited 8 branches of the dungeon, and saw 42 of its levels.
You visited the Abyss 2 times.
You also visited: Labyrinth.

You collected 6556 gold pieces.
You spent 1139 gold pieces at shops.

Inventory:

Hand Weapons
 n - a +6 executioner's axe of electrocution
 P - a +9 vampiric executioner's axe (weapon)
Missiles
 X - 9 poisoned javelins (quivered)
Armour
 t - a +2 pair of boots (worn)
 x - a +11 crystal plate armour (worn)
 E - +0 gold dragon scales
 O - a +1 hat (worn)
 U - the +1 cloak of Starlight (worn) {rElec rC+ EV+4 Stlth--}
   (You found it on level 6 of the Lair of Beasts)

   It affects your evasion (+4).
   It protects you from cold.
   It insulates you from electricity.
   It makes you much less stealthy.
 Z - the +4 pair of gloves of Fedhas's Hatred (worn) {rF++}
   (You bought it in a shop on level 3 of the Snake Pit)

   It greatly protects you from fire.
Jewellery
 a - an amulet of regeneration (around neck)
 D - a ring of protection from magic (right hand)
 J - an uncursed ring of poison resistance
 N - an uncursed ring of protection from cold
 R - a ring "Iro Mefo" (left hand) {rElec rF+ rC+ AC+5}
   (You took it off a yaktaur on level 2 of the Depths)

   [ring of protection]

   It affects your AC (+5).
   It protects you from fire.
   It protects you from cold.
   It insulates you from electricity.
Wands
 b - a wand of digging (12/24)
 j - a wand of flame (24/48)
 s - a wand of lightning (7/15)
 u - a wand of scattershot (4/9)
 w - a wand of disintegration (13/24)
 F - a wand of paralysis (19/24)
 L - a wand of enslavement (13/24)
 M - a wand of lightning (14/15)
 Q - a wand of clouds (2/9)
Scrolls
 e - 14 scrolls of recharging
 f - 7 scrolls of identify
 m - 13 scrolls of teleportation
 q - 19 scrolls of remove curse
 r - a scroll of enchant weapon
 y - 2 scrolls of holy word
 C - 3 scrolls of blinking
 I - 5 scrolls of fog
 K - 7 scrolls of magic mapping
 T - 2 scrolls of silence
 V - 9 scrolls of fear
Potions
 g - 8 potions of heal wounds
 h - 3 potions of resistance
 k - a potion of ambrosia
 o - 14 potions of agility
 p - 7 potions of flight
 z - 19 potions of curing
 G - 4 potions of might
 H - 2 potions of cancellation
 W - a potion of berserk rage
 Y - 13 potions of haste
Miscellaneous
 A - a lightning rod (4/4)
Comestibles
 c - 15 bread rations
 i - 18 royal jellies
 l - 51 fruits
 v - 18 meat rations


   Skills:
 + Level 26.6 Fighting
 - Level 26.6 Axes
 + Level 25.3 Armour
 + Level 19.9 Dodging
 + Level 6.0 Evocations


You had 24 spell levels left.
You didn't know any spells.

Dungeon Overview and Level Annotations

Branches:
Dungeon (15/15)              Lair (6/6) D:10         Shoals (4/4) Lair:2
  Snake (4/4) Lair:3        Slime (0/5) Lair:5          Orc (2/2) D:11
    Elf (0/3) Orc:2        Vaults (4/5) D:14          Crypt (0/3) Vaults:2
 Depths (5/5) D:15            Zot (2/5) Depths:5
 Temple: D:4-7

Altars:
Cheibriados
Elyvilon
Makhleb
Okawaru
Qazlal
Ru
Sif Muna
Xom
Zin
The Shining One
Beogh
Jiyva
Lugonu

Shops:
D:4 }   D:5 }   D:7 %   D:9 !   D:11 (   Orc:2 !:%}   Shoals:4 (   Snake:3 [[
Depths:1 %[%}?   Depths:5 *?*

Portals:
Hell: Depths:1 Depths:2 Depths:3 Depths:4 Depths:5
Abyss: Depths:3 Depths:4 Depths:5
Pandemonium: Depths:3
Ziggurat: Depths:5
Trove: D:15 (give +6 demon trident)


Innate Abilities, Weirdness & Mutations

You reflexively headbutt those who attack you in melee.
You have a pair of horns on your head.
You tend to lose your temper in combat.
You are frail. (-10% HP)
You are occasionally teleported next to monsters.


Message History

You are lethally poisoned!
* * * LOW HITPOINT WARNING * * *
x2 You feel very sick.
The golden dragon breathes poison at you.
The blast of poison engulfs you!
You are more poisoned.
* * * LOW HITPOINT WARNING * * *
The deathcap releases spores at you but does no damage.
Your blink will be uncontrolled - continue anyway?
Uppercase [Y]es or [N]o only, please.
Your blink will be uncontrolled - continue anyway?
The Orb prevents control of your translocation!
You blink.
As you read the scroll of blinking, it crumbles to dust.
You are engulfed in poison gas.
You are more poisoned.
* * * LOW HITPOINT WARNING * * *
x2 You feel extremely sick.
The deathcap draws from the surrounding life force!
You die...

#+# #.# #######
#### #.#
....... §§# #.#
..≈§≈ #. #§#
#f# ..≈# +.#
#§####f##..§#
#.#
#@§D.zf.'..≈#
#.#
#§§§§f§##§.§#
#.# ###§####
..§§§≈§ #.# #f#
.......
#.##########.##
#######
#..........)..#
#
#.##########..#
#######.# #..#
........# #..#


You could see a golden dragon, a curse toe, 3 deathcaps and a wandering
mushroom.

Vanquished Creatures
  2 orbs of fire
  3 juggernauts
  A curse toe (Zot:1)
  3 golden dragons
  A pearl dragon (Depths:4)
  Nikola (Shoals:2)
  3 bone dragons (Depths:5)
  3 tentacled monstrosities
  Rupert (D:15)
  3 titans
  2 quicksilver dragons
  4 liches
  2 death cobs (Zot:1)
  A tentacled starspawn (Abyss:4)
  3 sphinxes
  Gastronok (Lair:2)
  5 storm dragons
  10 tengu reavers
  3 shadow dragons
  The ghost of Rhandor the Impaler, an adept GrGl of Gozag (Snake:3)
  12 nagarajas
  13 fire giants
  2 deep elf sorcerers (Vaults:1)
  6 frost giants
  A ghost moth (Zot:2)
  An iron dragon (Depths:1)
  14 vault wardens
  Aizul (Shoals:3)
  2 draconian annihilators
  2 juggernaut zombies (Depths:5)
  A war gargoyle (Abyss:4)
  22 very ugly things
  16 ironheart preservers
  5 entropy weavers
  3 caustic shrike skeletons (Depths:5)
  The ghost of Vibarexel the Bludgeoner, a journeyman MiFi of the Shining One (Lair:6)
  2 spriggan defenders
  35 stone giants
  An ophan (Depths:4)
  3 vampire knights
  A deep elf demonologist (Depths:4)
  An apis (Depths:4)
  The ghost of cephied0 the Bludgeoner, a journeyman GrFi of Ru (Snake:2)
  10 spark wasps
  3 green draconians
  2 red draconians
  2 yellow draconians
  The ghost of packetloss the Cleaver, a journeyman HuWz of Ashenzari (Lair:3)
  A white draconian (Depths:5)
  2 black draconians
  4 dire elephants (Lair:6)
  2 purple draconians
  3 merfolk javelineers (Shoals:4)
  17 ettins
  3 deep elf death magi
  A minotaur (Lab)
  18 yaktaur captains
  A jiangshi (Depths:1)
  A mummy priest (Depths:3)
  6 merfolk impalers
  12 fire dragons
  12 slime creatures
  Erolcha (Orc:1)
  2 deep elf high priests
  12 great orbs of eyes
  14 ogre magi
  13 naga warriors
  A quicksilver dragon skeleton (Depths:5)
  15 rakshasas
  15 anacondas
  A merfolk avatar (Shoals:4)
  An alligator snapping turtle (Shoals:4)
  9 spriggan air magi
  16 centaur warriors
  12 vault guards
  14 ice dragons
  4 catoblepae
  A hydra (Lair:4)
  2 merfolk aquamancers (Shoals:4)
  A death yak (Lair:6)
  Erica (D:10)
  39 two-headed ogres
  4 satyrs (Shoals:3)
  A two-headed ogre (shapeshifter) (Depths:1)
  7 tengu warriors
  A titan zombie (Depths:5)
  8 deep troll earth magi
  17 deep troll shamans
  5 orc high priests
  A thrashing horror (Abyss:2)
  11 shock serpents
  Urug (D:10)
  6 spriggan berserkers
  9 naga sharpshooters
  6 vampire magi
  A sun demon (Abyss:4)
  6 deep elf knights
  A titan skeleton (Depths:5)
  3 iron trolls
  A fire crab (shapeshifter) (Vaults:4)
  A death drake (shapeshifter) (Depths:5)
  4 salamander mystics
  2 storm dragon skeletons (Depths:5)
  8 skeletal warriors
  18 sea snakes
  25 hell knights
  A death drake (Abyss:4)
  5 unseen horrors
  6 naga ritualists
  A flayed ghost (Depths:3)
  A sea snake (shapeshifter) (Depths:2)
  36 deep trolls
  3 glowing orange brains
  An unseen horror (shapeshifter) (Vaults:4)
  2 tengu zombies
  A kraken simulacrum (Shoals:4)
  8 wizards
  15 harpies
  An orange crystal statue (Lair:3)
  17 ironbrand convokers
  Pikel (D:8)
  9 deep elf archers
  2 shadow dragon zombies
  A harpy (shapeshifter) (Vaults:3)
  An orb spider (shapeshifter) (Depths:4)
  7 necromancers
  The ghost of Rohain the Carver, a novice HOFi of Makhleb (D:6)
  4 phantasmal warriors
  13 orc knights
  A fire giant zombie (Vaults:4)
  5 sphinx zombies
  24 salamanders
  7 manticores
  58 ugly things
  7 wolf spiders
  10 mana vipers
  13 deep elf magi
  A salamander (shapeshifter) (Depths:1)
  24 fauns
  3 orc sorcerers
  9 moths of wrath
  2 sphinx skeletons (Depths:5)
  An oklob plant (Lair:4)
  2 centaur zombies
  7 cyclopes
  6 water nymphs
  8 merfolk sirens
  An iron dragon skeleton (Depths:5)
  A worldbinder (Abyss:2)
  33 black mambas
  A stone giant skeleton (Vaults:4)
  A spriggan zombie (Depths:5)
  An eye of devastation (shapeshifter) (Vaults:3)
  7 torpor snails
  2 guardian serpents
  2 orange demons (Abyss:2)
  13 naga magi
  10 elephants (Lair:6)
  A torpor snail (shapeshifter) (Vaults:3)
  19 vault sentinels
  8 gargoyles
  8 spiny frogs
  3 smoke demons
  5 centaur skeletons
  4 rime drakes
  2 efreet
  5 komodo dragons
  2 kobold demonologists (Depths:3)
  A komodo dragon (shapeshifter) (Vaults:2)
  5 freezing wraiths
  A redback zombie (D:15)
  62 yaktaurs
  3 catoblepas skeletons (Abyss:4)
  2 red devils (Depths:4)
  The ghost of iamoutofideas the Skirmisher, an amateur MiFi (D:7)
  4 ancient zymes
  4 tengu conjurers
  A troll (shapeshifter) (Vaults:2)
  6 trolls
  A jumping spider (Vaults:3)
  4 wind drakes
  10 hornets
  19 merfolk
  5 raiju
  24 blink frogs
  Prince Ribbit (Lair:2)
  8 snapping turtles
  A slime creature (shapeshifter) (Vaults:2)
  8 dream sheep
  A fire giant simulacrum (Vaults:1)
  9 hippogriffs
  7 redbacks
  A spriggan (shapeshifter) (Depths:2)
  A shadow (D:14)
  9 air elementals
  5 flying skulls (Abyss:2)
  A spriggan (Depths:5)
  A wraith (Vaults:1)
  13 water elementals
  4 wyverns
  2 ynoxinuls (Abyss:2)
  16 humans (D:14)
  31 yaks
  4 basilisks
  5 small abominations (Abyss:2)
  2 tarantellas (Vaults:1)
  4 large abominations
  Grum (D:9)
  3 fire bats (Abyss:2)
  3 steam dragons (Shoals:2)
  4 hungry ghosts
  4 vampire mosquitoes (D:13)
  An insubstantial wisp (Abyss:2)
  4 wargs
  A water moccasin (shapeshifter) (Vaults:1)
  A soldier ant (D:15)
  2 soldier ants (shapeshifter)
  38 nagas
  2 acid dragons
  8 hell hounds
  9 porcupines
  20 water moccasins
  2 floating eyes
  A floating eye (shapeshifter) (Depths:2)
  An eye of draining (shapeshifter) (Depths:2)
  2 slaves (D:8)
  38 orc warriors
  5 sky beasts
  2 black bears
  15 ice beasts
  5 phantoms
  30 ogres
  4 necrophages
  5 boggarts
  17 wolves
  28 centaurs
  A crocodile (shapeshifter) (D:14)
  7 crocodiles
  3 big kobolds
  2 wyvern zombies
  17 bullfrogs
  18 earth elementals
  3 scorpions
  8 killer bees
  21 wights
  2 howler monkeys
  A troll skeleton (Lab)
  13 electric eels
  8 crimson imps
  3 lava snakes (Lair:6)
  A wyvern simulacrum (D:14)
  3 bullfrog zombies
  4 quasits
  5 jellies
  24 orc priests
  12 hounds
  15 orc wizards
  6 bullfrog skeletons
  A gnoll shaman (D:7)
  5 iguanas
  13 worker ants
  4 hell rats (Lair:6)
  4 hound zombies
  A hound skeleton (D:6)
  A worker ant zombie (D:11)
  12 gnolls
  19 adders
  6 shadow imps
  An ooze (D:2)
  2 adder skeletons
  2 worms
  A worm (shapeshifter) (Depths:2)
  A dart slug (D:2)
  9 leopard geckos
  127 orcs
  3 ball pythons
  10 bats
  8 giant cockroaches
  6 goblins
  4 hobgoblins
  5 jackals
  4 quokkas
  3 frilled lizards
  A jackal zombie (D:7)
  19 kobolds
  A leopard gecko skeleton (D:7)
  A leopard gecko zombie (D:5)
  A quokka skeleton (D:7)
  2 rats
  A bush (Lair:2)
  4 fungi
  14 plants
2091 creatures vanquished.

Vanquished Creatures (collateral kills)
  Ilsuiw (Shoals:4)
  A nagaraja (Snake:4)
  A frost giant (Shoals:4)
  A draconian annihilator (Zot:1)
  A stone giant (Depths:1)
  A white draconian (Zot:1)
  Snorg (Orc:2)
  7 merfolk impalers (Shoals:4)
  A jiangshi (Depths:1)
  A naga warrior (Snake:4)
  2 merfolk aquamancers (Shoals:4)
  3 two-headed ogres (Vaults:4)
  2 satyrs
  A vampire mage (Depths:1)
  A deep troll earth mage (Depths:2)
  5 orc high priests
  A sea snake (Shoals:4)
  A naga ritualist (Snake:4)
  A deep elf archer (Vaults:3)
  An ironbrand convoker (Vaults:3)
  An ugly thing (Vaults:3)
  A deep elf mage (Depths:3)
  2 harpies (Vaults:4)
  2 mana vipers (Snake:4)
  A salamander (Snake:2)
  2 merfolk sirens
  2 manticores (Shoals:4)
  7 fauns
  A black mamba (Snake:4)
  A naga mage (Snake:4)
  A wind drake (Shoals:4)
  2 dream sheep
  A snapping turtle (Shoals:4)
  3 wargs (Orc:2)
  A naga (Snake:4)
  An orc warrior (Orc:1)
  A boggart (Depths:3)
  An ogre (Orc:1)
  10 orc priests (Orc:2)
  13 orcs
88 creatures vanquished.

Vanquished Creatures (others)
  A fire giant (Depths:2)
  2 fauns
  An air elemental (Depths:4)
  2 ogres
  An earth elemental (Abyss:4)
  An orc wizard (D:8)
  3 fungi (Lair:6)
  A lurking horror (Abyss:2)
  15 plants
  4 starspawn tentacles (Abyss:4)
  12 tentacles (Shoals:4)
43 creatures vanquished.

Grand Total: 2222 creatures vanquished

Notes
Turn   | Place    | Note
-------+----------+-------------------------------------------
     0 | D:1      | DeloreanTremens the Minotaur Berserker began the quest for the Orb.
     0 | D:1      | Reached XP level 1. HP: 19/19 MP: 0/0
   119 | D:1      | Reached XP level 2. HP: 25/27 MP: 1/1
   803 | D:2      | Found a snail-covered altar of Cheibriados.
  1014 | D:2      | Reached XP level 3. HP: 33/33 MP: 2/2
  1030 | D:2      | Reached ** piety under Trog
  1499 | D:3      | Reached skill level 5 in Axes
  1499 | D:3      | Reached XP level 4. HP: 35/40 MP: 3/3
  2213 | D:4      | Reached XP level 5. HP: 39/47 MP: 4/4
  2290 | D:4      | Found Emorant's Gadget Boutique.
  2295 | D:4      | Bought a wand of disintegration (13/24) for 170 gold pieces
  2505 | D:4      | Reached skill level 5 in Fighting
  2684 | D:4      | Reached XP level 6. HP: 53/56 MP: 5/5
  2915 | D:4      | Reached *** piety under Trog
  3007 | D:5      | Entered Level 5 of the Dungeon
  3133 | D:5      | Noticed a sky beast
  3146 | D:5      | Killed a sky beast
  3169 | D:5      | Reached XP level 7. HP: 48/61 MP: 6/6
  3441 | D:5      | Found Huutruji's Gadget Boutique.
  3706 | D:5      | Found a stormy altar of Qazlal.
  3993 | D:6      | Noticed Rohain's ghost (novice HOFi)
  4007 | D:6      | Killed Rohain's ghost
  4007 | D:6      | Reached XP level 8. HP: 67/68 MP: 7/7
  4158 | D:6      | Noticed a two-headed ogre
  4168 | D:6      | Killed a two-headed ogre
  4726 | D:7      | Reached XP level 9. HP: 73/74 MP: 8/8
  4896 | D:7      | Found Sixkelo's Food Boutique.
  4925 | D:7      | Reached **** piety under Trog
  4956 | D:7      | Noticed iamoutofideas's ghost (amateur MiFi)
  4971 | D:7      | Killed iamoutofideas's ghost
  5009 | D:7      | Found a glowing golden altar of the Shining One.
  5572 | D:7      | Found a sacrificial altar of Ru.
  5745 | D:7      | Found a shimmering altar of Xom.
  5747 | D:7      | Found a shimmering altar of Xom.
  5749 | D:7      | Found a shimmering altar of Xom.
  5750 | D:7      | Found a shimmering altar of Xom.
  5756 | D:7      | Found a shimmering altar of Xom.
  6308 | D:8      | Reached XP level 10. HP: 88/88 MP: 9/9
  6334 | D:8      | Reached skill level 15 in Axes
  6465 | D:8      | Got a shimmering great sword
  6466 | D:8      | Identified the +10 great sword "Puwimnoe" {venom, +Fly rElec rC+ Int-2} (You found it on level 8 of the Dungeon)
  6634 | D:8      | Paralysed by a hornet for 1 turns
  6709 | D:8      | Noticed Pikel
  6714 | D:8      | Killed Pikel
  7235 | D:9      | Noticed a two-headed ogre
  7250 | D:9      | Killed a two-headed ogre
  7921 | D:9      | Noticed Grum
  7944 | D:9      | Killed Grum
  8083 | D:9      | Found Myqomp's Distillery.
  8091 | D:9      | Bought a potion of haste for 140 gold pieces
  8161 | D:9      | Reached skill level 10 in Fighting
  8492 | D:10     | Entered Level 10 of the Dungeon
  8501 | D:10     | Reached XP level 11. HP: 98/98 MP: 10/10
  8540 | D:10     | Found a glowing golden altar of the Shining One.
  8722 | D:10     | Noticed Urug
  8732 | D:10     | Noticed a two-headed ogre
  8736 | D:10     | Killed Urug
  8740 | D:10     | Killed a two-headed ogre
  8756 | D:10     | Noticed a two-headed ogre
  8770 | D:10     | Killed a two-headed ogre
  8903 | D:10     | Noticed a two-headed ogre
  8912 | D:10     | Killed a two-headed ogre
  8934 | D:10     | Reached ***** piety under Trog
  9175 | D:10     | Reached skill level 5 in Armour
  9190 | D:10     | Noticed a skeletal warrior
  9206 | D:10     | Noticed a skeletal warrior
  9208 | D:10     | Noticed a skeletal warrior
  9208 | D:10     | Noticed a skeletal warrior
  9213 | D:10     | Killed a skeletal warrior
  9222 | D:10     | Killed a skeletal warrior
  9229 | D:10     | Killed a skeletal warrior
  9234 | D:10     | Killed a skeletal warrior
  9234 | D:10     | Received a gift from Trog
  9350 | D:10     | Killed an unseen horror
  9467 | D:10     | Found a staircase to the Lair.
  9477 | D:10     | Noticed a wizard
  9524 | D:10     | Reached XP level 12. HP: 69/111 MP: 11/11
  9607 | D:10     | Noticed Erica
  9621 | D:10     | Killed Erica
 10100 | D:10     | Noticed a two-headed ogre
 10110 | D:10     | Killed a two-headed ogre
 10335 | D:10     | Received a gift from Trog
 10595 | D:11     | Found a staircase to the Orcish Mines.
 10939 | D:11     | Found Imexe's Antique Weapon Shoppe.
 11012 | D:11     | Noticed a two-headed ogre
 11022 | D:11     | Killed a two-headed ogre
 11829 | Orc:1    | Entered Level 1 of the Orcish Mines
 11971 | Orc:2    | Entered Level 2 of the Orcish Mines
 12175 | Orc:2    | Found a staircase to the Elven Halls.
 12531 | Orc:2    | Noticed an orc high priest
 12535 | Orc:2    | Noticed Snorg
 12536 | Orc:2    | Noticed an orc high priest
 12536 | Orc:2    | Noticed an orc high priest
 12548 | Orc:2    | Killed Snorg
 12552 | Orc:2    | Killed an orc high priest
 12555 | Orc:2    | Killed an orc high priest
 12561 | Orc:2    | Killed an orc high priest
 12591 | Orc:2    | Found Oczokk's Book Emporium.
 12591 | Orc:2    | Found Guinui's Distillery.
 12645 | Orc:2    | Found a roughly hewn altar of Beogh.
 12674 | Orc:2    | Noticed an orc high priest
 12686 | Orc:2    | Killed an orc high priest
 12803 | Orc:2    | Noticed an orc high priest
 12809 | Orc:2    | Noticed an orc high priest
 12810 | Orc:2    | Noticed an orc high priest
 12815 | Orc:2    | Killed an orc high priest
 12826 | Orc:2    | Killed an orc high priest
 12854 | Orc:2    | Killed an orc high priest
 12980 | Orc:2    | Found Viazil's Gadget Emporium.
 12980 | Orc:2    | Found Puosut's Food Boutique.
 13692 | Orc:1    | Received a gift from Trog
 13695 | Orc:1    | Noticed Erolcha
 13707 | Orc:1    | Reached XP level 13. HP: 119/122 MP: 12/12
 13711 | Orc:1    | Killed Erolcha
 14766 | Lair:1   | Entered Level 1 of the Lair of Beasts
 15429 | Lair:1   | Reached skill level 10 in Armour
 15957 | Lair:2   | Noticed Prince Ribbit
 15975 | Lair:2   | Killed Prince Ribbit
 16275 | Lair:2   | Noticed Gastronok
 16305 | Lair:2   | Killed Gastronok
 16555 | Lair:2   | Reached skill level 5 in Dodging
 16574 | Lair:2   | Found a staircase to the Shoals.
 17045 | Lair:3   | Found a snail-covered altar of Cheibriados.
 17271 | Lair:3   | Found a staircase to the Snake Pit.
 17291 | Lair:3   | Received a gift from Trog
 17514 | Lair:3   | Noticed packetloss's ghost (journeyman HuWz)
 17524 | Lair:3   | Killed packetloss's ghost
 17919 | Lair:3   | Reached XP level 14. HP: 133/133 MP: 13/13
 17926 | Lair:3   | Received a gift from Trog
 18649 | Lair:3   | Got a steaming pewter ring
 18671 | Lair:3   | Identified the cursed ring of Xegir {rN+ Str-3} (You found it on level 3 of the Lair of Beasts)
 18847 | Lair:4   | Got a bloodstained ring mail
 18860 | Lair:4   | Identified the cursed +0 ring mail of Weqir {rElec rPois Str-2 Stlth+} (You found it on level 4 of the Lair of Beasts)
 18979 | Lair:4   | Reached skill level 15 in Fighting
 19156 | Lair:4   | Found a labyrinth entrance.
 19165 | Lab      | Entered a labyrinth
 20109 | Lab      | Found the +3 Elemental Staff {rElec rF++ rC++ MR++ AC+5}
 20121 | Lab      | Got a heavily runed plate armour
 20143 | Lab      | Identified the Volume of Bewitchment
 20155 | Lab      | Identified the Reference Book on the Mountains
 20168 | Lab      | Identified the cursed +0 plate armour "Beel" {rF+ Int+5} (You took it off a minotaur in a labyrinth)
 21349 | Lair:5   | Found a viscous altar of Jiyva.
 21349 | Lair:5   | Found a staircase to the Slime Pits.
 21746 | Lair:6   | Entered Level 6 of the Lair of Beasts
 22187 | Lair:6   | Received a gift from Trog
 22642 | Lair:6   | Noticed Vibarexel's ghost (journeyman MiFi)
 22660 | Lair:6   | Killed Vibarexel's ghost
 23009 | Lair:6   | Found the +1 cloak of Starlight {rElec rC+ EV+4 Stlth--}
 23066 | Lair:6   | Got a scorched platinum ring
 23793 | D:12     | Identified the ring "Dyqaj" {Ice Int+3} (You found it on level 6 of the Lair of Beasts)
 24142 | D:12     | Reached XP level 15. HP: 145/145 MP: 14/14
 24281 | D:12     | Reached skill level 10 in Dodging
 24286 | D:12     | Received a gift from Trog
 24295 | D:12     | Got a dazzling battleaxe {god gift}
 24369 | D:12     | Identified the +2 battleaxe of Burur {venom, *Corrode Str+3 Int+8 Dex+4} (Trog gifted it to you on level 12 of the Dungeon)
 25036 | D:12     | Got a smelly plate armour
 25039 | D:12     | Identified the +7 plate armour of Onneamogi {Str+2 Int+4} (You found it on level 12 of the Dungeon)
 26911 | D:14     | Found a gate to the Vaults.
 26919 | D:14     | Reached ****** piety under Trog
 27309 | D:14     | Received a gift from Trog
 27601 | D:15     | Entered Level 15 of the Dungeon
 27726 | D:15     | Found a portal to a secret trove of treasure.
 28047 | D:15     | Found a staircase to the Depths.
 28060 | D:15     | Noticed Rupert
 28071 | D:15     | Killed Rupert
 28162 | D:15     | Received a gift from Trog
 29037 | Lair:3   | Identified a scroll of acquirement
 29069 | Snake:1  | Entered Level 1 of the Snake Pit
 29712 | Snake:1  | Reached skill level 15 in Armour
 29767 | Snake:1  | Reached XP level 16. HP: 152/157 MP: 5/15
 30403 | Snake:2  | Noticed cephied0's ghost (journeyman GrFi)
 30409 | Snake:2  | Killed cephied0's ghost
 30562 | Snake:2  | Received a gift from Trog
 32221 | Snake:3  | Noticed Rhandor's ghost (adept GrGl)
 32248 | Snake:3  | Killed Rhandor's ghost
 32805 | Snake:3  | Found Luff's Assorted Antiques.
 32805 | Snake:3  | Found Qoej's Antique Armour Boutique.
 32809 | Snake:3  | Found Osaude Jius's Armour Shop.
 32825 | Snake:3  | Bought a pair of bloodstained gloves for 361 gold pieces
 32851 | Snake:3  | Identified the +4 pair of gloves of Fedhas's Hatred {rF++} (You bought it in a shop on level 3 of the Snake Pit)
 33820 | Snake:3  | Reached XP level 17. HP: 155/166 MP: 16/16
 33877 | Snake:4  | Entered Level 4 of the Snake Pit
 33891 | Snake:4  | Received a gift from Trog
 35410 | Snake:4  | Cast into level 2 of the Abyss (naga warrior)
 35491 | Abyss:2  | Reached XP level 18. HP: 176/176 MP: 17/17
 35794 | Abyss:2  | Gained mutation: You are occasionally teleported next to monsters. [a neqoxec]
 35801 | Snake:4  | Escaped the Abyss
 35809 | Snake:4  | Received a gift from Trog
 36451 | Snake:4  | Got a serpentine rune of Zot
 36955 | Depths:1 | Entered Level 1 of the Depths
 37000 | Depths:1 | Found Cohadgh's Magic Scroll Shop.
 37052 | Depths:1 | Found Qurargh's Food Shoppe.
 37072 | Depths:1 | Found Nim Rerph's Gadget Emporium.
 37288 | Depths:1 | Reached XP level 19. HP: 184/184 MP: 18/18
 37400 | Depths:1 | Received a gift from Trog
 37479 | Depths:1 | Found a gateway to Hell.
 37505 | Depths:1 | Found Ylif's Antique Armour Shoppe.
 37553 | Depths:1 | Bought a pair of distressingly furry gloves for 399 gold pieces
 37553 | Depths:1 | Identified the cursed +0 pair of gloves of the Constellations {rN+} (You bought it in a shop on level 1 of the Depths)
 37671 | Depths:1 | Found Ciextaw's Food Shop.
 37993 | Depths:1 | Upgraded the game from 0.21-a0-207-g4a9efaf to 0.21-a0-210-gbfa5647
 38613 | Shoals:1 | Entered Level 1 of the Shoals
 39107 | Shoals:2 | Noticed Nikola
 39115 | Shoals:2 | Killed Nikola
 39460 | Shoals:2 | Got a heavily runed scarf
 39462 | Shoals:2 | Identified the scarf "Fofre" {rCorr Str+3} (You acquired it on level 2 of the Shoals)
 39488 | Shoals:2 | Received a gift from Trog
 39765 | Shoals:3 | Noticed Aizul
 39773 | Shoals:3 | Killed Aizul
 40329 | Shoals:3 | Received a gift from Trog
 40425 | Shoals:4 | Entered Level 4 of the Shoals
 40438 | Shoals:4 | Noticed Ilsuiw
 40460 | Shoals:4 | Killed Ilsuiw
 40720 | Shoals:4 | Reached XP level 20. HP: 178/195 MP: 19/19
 40911 | Shoals:4 | Got a barnacled rune of Zot
 41157 | Shoals:4 | Received a gift from Trog
 41169 | Shoals:4 | Found Riduas's Weapon Emporium.
 41631 | Vaults:1 | Entered Level 1 of the Vaults
 41973 | Vaults:1 | Received a gift from Trog
 43431 | Vaults:2 | Received a gift from Trog
 43541 | Vaults:2 | You fall through a shaft for 2 floors!
 43931 | Vaults:4 | Reached XP level 21. HP: 206/206 MP: 20/20
 45072 | Vaults:4 | Received a gift from Trog
 46509 | Vaults:3 | Received a gift from Trog
 46963 | Vaults:2 | Reached XP level 22. HP: 217/217 MP: 21/21
 46970 | Vaults:2 | Received a gift from Trog
 47130 | Vaults:2 | Found a staircase to the Crypt.
 48494 | Depths:2 | Received a gift from Trog
 48694 | Depths:2 | Reached skill level 15 in Dodging
 48891 | Depths:2 | Paralysed by a great orb of eyes for 4 turns
 49030 | Depths:2 | Cast into level 4 of the Abyss (tengu reaver)
 49260 | Abyss:4  | Got an abyssal rune of Zot
 49315 | Depths:2 | Escaped the Abyss
 49334 | Depths:2 | Received a gift from Trog
 49385 | Depths:2 | Found a glowing silver altar of Zin.
 49387 | Depths:2 | Found an iron altar of Okawaru.
 49449 | Depths:2 | Reached XP level 23. HP: 228/228 MP: 22/22
 49487 | Depths:2 | Paralysed by something for 2 turns
 49533 | Depths:2 | Noticed a juggernaut
 49552 | Depths:2 | Killed a juggernaut
 49585 | Depths:2 | Paralysed by a floating eye for 3 turns
 49708 | Depths:2 | Found a runed door.
 50024 | Depths:2 | Received a gift from Trog
 50200 | Depths:2 | Received a gift from Trog
 50205 | Depths:2 | Noticed a juggernaut
 50220 | Depths:2 | Killed a juggernaut
 50533 | Depths:2 | Got a sparkling amber ring
 50535 | Depths:2 | Identified a ring "Iro Mefo" {rElec rF+ rC+ AC+5} (You took it off a yaktaur on level 2 of the Depths)
 50639 | Depths:2 | Found a burning altar of Makhleb.
 50708 | Depths:2 | Identified the Papyrus of Dried Tears
 50859 | Depths:3 | Found a one-way gate to the infinite horrors of the Abyss.
 51068 | Depths:3 | Received a gift from Trog
 51240 | Depths:3 | Found a deep blue altar of Sif Muna.
 51251 | Depths:3 | Reached XP level 24. HP: 241/241 MP: 22/22
 51436 | Depths:3 | Identified the amulet "Porphos" {RegenMP Int+10 Dex-3} (You took it off a vampire mage on level 3 of the Depths)
 52286 | Depths:3 | Found a one-way gate leading to the halls of Pandemonium.
 52492 | Depths:4 | Received a gift from Trog
 53136 | Depths:4 | Received a gift from Trog
 53218 | Depths:4 | Noticed a juggernaut
 53230 | Depths:4 | Killed a juggernaut
 53414 | Depths:4 | Found the +5 demon whip "Spellbinder" {antimagic, MR+}
 53682 | Depths:4 | Found a glowing golden altar of the Shining One.
 53682 | Depths:4 | Found a glowing silver altar of Zin.
 53682 | Depths:4 | Found a white marble altar of Elyvilon.
 54140 | Depths:5 | Entered Level 5 of the Depths
 54237 | Depths:5 | Received a gift from Trog
 54241 | Depths:5 | Reached skill level 1 in Evocations
 54248 | Depths:5 | Identified the +1 battleaxe of Lamigur {protect, Dex+4} (Trog gifted it to you on level 5 of the Depths)
 54344 | Depths:5 | Reached XP level 25. HP: 242/252 MP: 23/23
 54383 | Depths:5 | Found a gateway to a ziggurat.
 54414 | Depths:5 | Found Dawnukk's General Store.
 54422 | Depths:5 | Bought a scroll of teleportation for 69 gold pieces
 54504 | Depths:5 | Found Bink's Assorted Antiques.
 54559 | Depths:5 | Found a corrupted altar of Lugonu.
 54570 | Depths:5 | Found Samom's Assorted Antiques.
 54645 | Depths:5 | Found Jenuag's Magic Scroll Shoppe.
 54665 | Depths:5 | Received a gift from Trog
 54778 | Depths:5 | Found a gate to the Realm of Zot.
 54941 | Depths:5 | Found the +9 sword of Zonguldrok {reap}
 55083 | Zot:1    | Entered Level 1 of the Realm of Zot
 55609 | Zot:1    | Reached skill level 5 in Evocations
 55777 | Zot:1    | Noticed an orb of fire
 55778 | Zot:1    | Gained mutation: You are frail. (-10% HP) [an orb of fire]
 55785 | Zot:1    | Gained mutation: You tend to lose your temper in combat. [an orb of fire]
 55789 | Zot:1    | Killed an orb of fire
 56842 | Zot:2    | Noticed an orb of fire
 56860 | Zot:2    | Killed an orb of fire
 57029 | Zot:2    | HP: 9/229 [poisoned by a golden dragon (poison gas)]
 57029 | Zot:2    | Killed from afar by a deathcap

Vault maps used:
D:1:      erik_arrival_blinker_ship
D:2:      nicolae_overflow_hidden_temple
D:4:      kennysheep_big_flooded_room, serial_shops, shop, first_bread
D:5:      lemuel_coloured_pillars_altar, minmay_temple_entry_from_below_a,
          serial_shops, nicolae_shop_competitors_out_of_business,
          minmay_misc_feat_tower
D:6:      minmay_misc_feat_hallway
D:7:      nicolae_ru_great_annihilating_truth, tso_metal_star, xom_redecorated,
          serial_shops, kennysheep_mini_moat
D:8:      uniq_pikel
D:9:      serial_shops, shop, uniq_grum
D:10:     erik_lair_island, basic_altar, hangedman_fish_farm, grunt_potential,
          uniq_erica, uniq_urug
D:11:     david_orc_2, serial_shops, nicolae_shop_waterfront
D:12:     special_room, minmay_rotating_lava
D:13:     serial_bayou_pond_c, nrook_guardian_serpent_ordinary
D:14:     david_vaults_3
D:15:     hangedman_depths_entry_civil_slaughter, enter_trove_1,
          minmay_misc_feat_four_crosses, minmay_misc_feat_columns, uniq_rupert
Lair:2:   elwin_shoals_entry_rooms, uniq_prince_ribbit2, uniq_gastronok
Lair:3:   statuecave_lemuel, minmay_snake_entry_six_corridors,
          kennysheep_snail_temple
Lair:4:   lab_entry_generic, minmay_lair_oklob_items, st_stairs_3,
          serial_bayou_shore_b
Lair:5:   dpeg_slime_entry_enclosed_altar, fungi_pond_lemuel,
          grunt_megastairs_3, infiniplex_staircase_pool
Lair:6:   due_jungle_book, disabler_island
Shoals:1: cheibrodos_shoals_roost
Shoals:2: nicolae_shoals_drake_roost, uniq_nikola
Shoals:3: uniq_aizul
Shoals:4: shoals_end_grunt_ice, shoals_ilsuiw_ice, serial_shops,
          nicolae_shop_waterfront
Snake:1:  grunt_megastairs_2, serial_bayou_shore_b
Snake:2:  lemuel_fruit_tree
Snake:3:  minmay_shop_star
Snake:4:  minmay_snake_end_coiled, nicolae_snake_serpentine_hallways
Orc:1:    portal_ice_cave_entry_ice_beasts, uniq_erolcha
Orc:2:    st_orc_town, uniq_snorg
Vaults:1: nicolae_vaults_little_squares_4, hangedman_vaults_river_flow,
          nicolae_vaults_asterisk, nicolae_vaults_sealed_display,
          hangedman_vaults_capsules, hangedman_vaults_maws, v_misc_12,
          nicolae_vaults_three_branches, vaults_dpeg_diagonal
Vaults:2: grunt_vaults_twisty, ontoclasm_vaults_idyll, ontoclasm_vaults_hangar,
          nicolae_vaults_network_quincunx, nicolae_vaults_meeting,
          hangedman_vaults_pinch, minmay_crypt_entry_simple_walls,
          v_alt_pattern_4, nicolae_vaults_border_crossing, v_misc_25,
          nicolae_vaults_twisting_passages, dpeg_vaults_monster_box,
          nicolae_vaults_little_squares_3, v_misc_23
Vaults:3: v_misc_11, hangedman_vaults_stretched_pinwheel,
          nicolae_vaults_windows_and_doors_thing, hangedman_vaults_nails,
          st_lines, v_misc_13, nicolae_vaults_triangles, v_misc_26,
          ontoclasm_vaults_twist
Vaults:4: dpeg_vaults_waves, ontoclasm_vaults_eye, hangedman_vaults_slither,
          nicolae_vaults_little_ls, nicolae_vaults_little_squares_1, v_misc_27,
          hangedman_vaults_snaps, ontoclasm_vaults_pinch, v_misc_31,
          nicolae_vaults_yaktaur_gun_rack, vaults_dpeg_ring
Depths:1: hell_entry, serial_shops, shop, kennysheep_mini,
          nicolae_shop_behind_doors, shop, shop, minmay_holes,
          hangedman_cracks_in_the_wall
Depths:2: minmay_the_grid_ultimate, hell_entry
Depths:3: four-leaf_vault, abyss_entry, patterned_corridor,
          rand_demon_pan_entry_9, hell_entry, hangedman_summoners_spam
Depths:4: kennysheep_large_spiral, roderic_three_in_a_row, hellmouth_1,
          abyss_entry, hallowed_hall
Depths:5: evilmike_zot_entry_basic, enter_ziggurat_b, hell_entry, serial_shops,
          nicolae_shop_overgrown_old_shop, shop, shop, shop,
          abyss_entry_flame_altar, minmay_guarded_unrand_zonguldrok
Abyss:2:  evilmike_abyss_exit_10, due_exit_kobolds, small_statue_intersection
Abyss:4:  nicolae_abyss_rune_left_handed
Lab:      nicolae_lab_dead_adventurers, nicolae_lab_statue, nicolae_lab_do_over,
          lab_hedge, labyrinth_lava_lair, labyrinth_glass_1, nicolae_lab_x,
          nicolae_lab_t_cross, nicolae_lab_lava

Skill      XL: |  1  2  3  4  5  6  7  8  9 10 11 12 13 14 15 16 17 18 19 20 21 22 23 24 25 |
---------------+----------------------------------------------------------------------------+-----
Axes           | 4 5 6 8 11 13 14 16 18 19 20 21 22 23 24 26 | 26.6
Armour         | 3 4 6 9 11 13 15 16 17 18 19 21 22 23 24 25 | 25.3
Fighting       | 4 5 7 10 11 13 14 16 17 18 19 20 21 22 23 25 26 | 26.6
Dodging        | 6 9 11 12 13 15 17 19 | 19.9
Evocations     | 1 6 |  6.0

Action                   |  1- 3 |  4- 6 |  7- 9 | 10-12 | 13-15 | 16-18 | 19-21 | 22-24 | 25-27 || total
-------------------------+-------+-------+-------+-------+-------+-------+-------+-------+-------++-------
Melee: Hand axe          |    81 |    65 |       |       |       |       |       |       |       ||   146
       Headbutt          |    17 |    16 |    51 |   105 |   316 |   196 |   321 |   378 |    94 ||  1494
       War axe           |       |    47 |   287 |   638 |    52 |       |       |       |       ||  1024
       Battleaxe         |       |       |       |       |   999 |   521 |       |       |       ||  1520
       Broad axe         |       |       |       |       |   182 |       |       |       |       ||   182
       Executioner's axe |       |       |       |       |    16 |   331 |  1261 |  1334 |   286 ||  3228
Throw: Javelin           |       |       |       |       |       |     3 |     6 |     8 |     1 ||    18
Invok: Berserk           |       |     1 |     6 |    17 |    16 |    10 |    15 |    11 |     4 ||    80
       Trog's Hand       |       |       |     1 |     3 |     3 |     5 |     4 |       |       ||    16
       Burn Spellbooks   |       |       |       |     3 |     7 |     6 |     2 |     4 |       ||    22
       Brothers in Arms  |       |       |       |     4 |     1 |     5 |    11 |     1 |     2 ||    24
 Abil: Evoke Flight      |       |       |       |       |     4 |       |       |       |       ||     4
Evoke: Wand              |       |       |       |       |       |       |       |       |     1 ||     1
  Use: Scroll            |     1 |       |     6 |    12 |    18 |     8 |    14 |     8 |    19 ||    86
       Potion            |       |       |       |     4 |     2 |     4 |     3 |     3 |     5 ||    21
 Stab: Paralysed         |       |       |     1 |       |       |       |       |       |       ||     1
       Distracted        |       |       |       |       |     1 |     1 |     3 |       |       ||     5
  Eat: Chunk             |     2 |     5 |     8 |    45 |    49 |     7 |    38 |    29 |     5 ||   188
       Bread ration      |       |     1 |     1 |       |     5 |     8 |     3 |       |       ||    18
       Fruit             |       |       |       |     2 |       |       |       |       |       ||     2
       Meat ration       |       |       |       |       |       |       |       |     2 |     1 ||     3
Armor: Animal skin       |     6 |       |       |       |       |       |       |       |       ||     6
       Ring mail         |     8 |       |       |       |       |       |       |       |       ||     8
       Scale mail        |    21 |    51 |    58 |       |       |       |       |       |       ||   130
       Plate armour      |       |       |    48 |   333 |   584 |   410 |   677 |   605 |   136 ||  2793
       Crystal plate arm |       |       |       |       |       |       |       |       |    40 ||    40
Dodge: Dodged            |    48 |    62 |   105 |   180 |   525 |   515 |   939 |   880 |   223 ||  3477

Table legend:
 A = Spawn XP
 B = Non-spawn XP
 C = Spawn XP percentage of total XP
 D = Spawn monster count
 E = Non-spawn monster count
 F = Spawn count percentage of total count
 G = Total turns spent on level
                    A         B        C        D         E        F      G
               +---------+---------+-------+---------+---------+-------+---------
         Total |  107840 |  754028 |  12.5 |     139 |     922 |  13.1 | 19036
               +---------+---------+-------+---------+---------+-------+---------
      Shoals:1 |     328 |   11236 |   2.8 |       1 |      27 |   3.6 |   490
      Shoals:2 |       0 |   16053 |   0.0 |       0 |      32 |   0.0 |   681
      Shoals:3 |     830 |   18009 |   4.4 |       2 |      33 |   5.7 |   666
      Shoals:4 |    1217 |   37790 |   3.1 |       2 |      70 |   2.8 |  1010
      Vaults:1 |    8283 |   46059 |  15.2 |      15 |      67 |  18.3 |  1844
      Vaults:2 |   13324 |   61988 |  17.7 |      17 |      99 |  14.7 |  1617
      Vaults:3 |    8531 |   45075 |  15.9 |      20 |      83 |  19.4 |  1365
      Vaults:4 |   11475 |   73052 |  13.6 |      15 |      99 |  13.2 |  1953
      Depths:1 |     882 |       0 | 100.0 |       1 |       0 | 100.0 |   353
      Depths:2 |   21114 |  161623 |  11.6 |      25 |     132 |  15.9 |  2095
      Depths:3 |   15824 |   56128 |  22.0 |      14 |      72 |  16.3 |  2002
      Depths:4 |    9370 |   90643 |   9.4 |      11 |      89 |  11.0 |  1732
      Depths:5 |    4673 |   64779 |   6.7 |       4 |      61 |   6.2 |   977
         Zot:1 |    5120 |   42733 |  10.7 |       2 |      23 |   8.0 |  1270
         Zot:2 |    1696 |   18785 |   8.3 |       1 |       8 |  11.1 |   267
       Abyss:4 |    5173 |   10075 |  33.9 |       9 |      27 |  25.0 |   285
               +---------+---------+-------+---------+---------+-------+---------
